 Dungeon Crawl Stone Soup version 0.28.0-43-g3370ac3207 (webtiles) character file.

Game seed: 15359949021822834537

2800 Ablot the Magician (level 9, -4/71 HPs)
             Began as a Gnoll Warper on Mar 2, 2022.
             Was a Believer of Okawaru.
             Killed by divine providence
             ... invoked by an orc priest
              (11 damage)
             ... on level 7 of the Dungeon.
             The game lasted 00:12:34 (7741 turns).

Ablot the Magician (Gnoll Warper)                   Turns: 7741, Time: 00:12:35

Health: -4/71      AC: 11    Str: 18    XL:     9   Next: 71%
Magic:  26/28      EV: 13    Int: 14    God:    Okawaru [**....]
Gold:   380        SH:  0    Dex: 14    Spells: 14/21 levels left

rFire   . . .      SeeInvis +   o - +11 rapier of the Ship {vorpal, Str+4 Dex+3 SInv}
rCold   . . .      Faith    .   (no shield)
rNeg    . . .      Spirit   .   L - +0 swamp dragon scales
rPois   +          Reflect  .   I - +0 helmet
rElec   .          Harm     .   (no cloak)
rCorr   .          Rampage  .   (no gloves)
Will    .....                   J - +0 pair of boots
Stlth   ++........              (no amulet)
HPRegen 0.21/turn               (no ring)
MPRegen 0.21/turn               h - ring of magical power

@: wereblooded
A: fangs 1, strong nose, distributed training
a: Renounce Religion, Heroism


You were on level 7 of the Dungeon.
You worshipped Okawaru.
Okawaru was pleased with you.
You visited 2 branches of the dungeon, and saw 8 of its levels.

You collected 380 gold pieces.

Inventory:

Hand Weapons
 a - a +2 spear of pain
 o - the +11 rapier of the Ship (weapon) {vorpal, Str+4 Dex+3 SInv}
   (You found it on level 2 of the Dungeon)

   It inflicts extra damage upon your enemies.
   Str:       It affects your strength (+4).
   Dex:       It affects your dexterity (+3).
   SInv:      It lets you see invisible.
Missiles
 d - 5 boomerangs of dispersal
 k - 156 stones
 p - 27 bolts
 q - 15 poisoned darts (quivered)
 u - 84 arrows
 w - 38 sling bullets
 y - 3 boomerangs
 F - 3 throwing nets
Armour
 g - an orb of guile
 I - a +0 helmet (worn)
 J - a +0 pair of boots (worn)
 L - +0 swamp dragon scales (worn)
Jewellery
 f - a ring of ice
 h - a ring of magical power (right hand)
 n - a ring of flight
Wands
 x - a wand of polymorph (3)
 C - a wand of digging (5)
 G - a wand of mindburst (14)
 K - a wand of charming (8)
Scrolls
 b - 2 scrolls of vulnerability {unknown}
 c - 2 scrolls of blinking
 e - a scroll of fear {unknown}
 i - 7 scrolls of identify {unknown}
 l - 3 scrolls of fog {unknown}
 m - 4 scrolls of teleportation {unknown}
 s - a scroll of noise {unknown}
 E - 2 scrolls of amnesia {unknown}
 H - a scroll of summoning {unknown}
Potions
 j - a potion of attraction {unknown}
 r - a potion of haste {unknown}
 t - 2 potions of cancellation {unknown}
 v - a potion of resistance {unknown}
 z - 2 potions of curing {unknown}
 A - 2 potions of degeneration {unknown}
 B - a potion of berserk rage {unknown}
 D - a potion of heal wounds {unknown}


   Skills:
 + Level 6.5 Fighting
 + Level 4.5 Short Blades
 + Level 4.5 Long Blades
 + Level 4.5 Axes
 + Level 4.5 Maces & Flails
 + Level 6.5 Polearms
 + Level 4.5 Staves
 + Level 4.5 Slings
 + Level 4.5 Bows
 + Level 4.5 Crossbows
 + Level 5.2 Throwing
 + Level 5.2 Armour
 + Level 6.5 Dodging
 + Level 4.5 Stealth
 + Level 4.5 Shields
 + Level 4.5 Unarmed Combat
 + Level 6.8 Spellcasting
 + Level 3.7 Conjurations
 + Level 3.7 Hexes
 + Level 3.7 Summonings
 + Level 3.7 Necromancy
 + Level 6.7 Translocations
 + Level 3.7 Transmutations
 + Level 3.7 Fire Magic
 + Level 3.7 Ice Magic
 + Level 3.7 Air Magic
 + Level 3.7 Earth Magic
 + Level 3.7 Poison Magic
 + Level 5.0 Invocations
 + Level 4.5 Evocations


You had 14 spell levels left.
You knew the following spells:

 Your Spells              Type           Power      Damage    Failure   Level
a - Blink                 Tloc           46%        N/A       2%          2
b - Wereblood             Tmut           15%        N/A       8%          2
c - Foxfire               Conj/Fire      60%        2x1d7     5%          1
d - Ensorcelled Hibernat  Hex/Ice        30%        N/A       8%          2

Your spell library contained the following spells:

 Spells                   Type           Power      Damage    Failure   Level
 Gell's Gravitas          Tloc           23%        N/A       4%          3
 Lesser Beckoning         Tloc           23%        N/A       4%          3
 Teleport Other           Tloc           23%        N/A       4%          3
 Corpse Rot               Necr/Air       30%        N/A       8%          2
 Poisonous Vapours        Pois/Air       30%        N/A       8%          2
 Sublimation of Blood     Necr           15%        N/A       8%          2
 Conjure Flame            Conj/Fire      15%        6-21      16%         3
 Ignite Poison            Fire/Tmut/Pois 15%        N/A       16%         3
 Inner Flame              Hex/Fire       15%        N/A       16%         3
 Mephitic Cloud           Conj/Pois/Air  15%        N/A       16%         3
 Spider Form              Tmut/Pois      15%        N/A       16%         3
 Manifold Assault         Tloc           23%        N/A       38%         5
 Anguish                  Hex/Necr       7%         N/A       45%         4
 Flame Wave               Conj/Fire      15%        2d6       45%         4
 Freezing Cloud           Conj/Ice/Air   7%         6-21      82%         5
 Dispersal                Tloc           11%        N/A       93%         6
 Summon Hydra             Summ           Unusable   N/A       N/A         7

Dungeon Overview and Level Annotations

Branches:
Dungeon (7/15)             Temple (1/1) D:5

Altars:
Ashenzari
Cheibriados
Dithmenos
Elyvilon
Fedhas
Gozag
Hepliaklqana
Kikubaaqudgha
Makhleb
Nemelex Xobeh
Okawaru
Qazlal
Ru
Sif Muna
Trog
Uskayaw
Vehumet
Wu Jian
Xom
Yredelemnul
Zin
The Shining One

Shops:
D:2 (


Innate Abilities, Weirdness & Mutations

You have very sharp teeth.
Your uncanny sense of smell can sniff out nearby items.
Your experience applies equally to all skills.


Message History

The orc priest invokes the aid of Beogh against you.
Beogh smites you!
An orc priest comes into view. It is wielding a +0 hand axe.
The orc priest mumbles some strange prayers to Beogh against you.
Beogh smites you!
An orc warrior comes into view.
It is wielding a +0 long sword of freezing.
The orc priest miscasts a cantrip.
The orc priest calls down the wrath of Beogh upon you.
Beogh smites you!
You open the door. You barely miss the orc priest.
The orc priest hits you but does no damage.
The orc priest closely misses you. The orc closely misses you.
You puncture the orc priest!
The orc priest is severely wounded.
The orc priest hits you but does no damage.
The orc priest hits you with a +0 club.
The orc warrior hits you with a +0 long sword of freezing!
* * * LOW HITPOINT WARNING * * *
The orc warrior freezes you.
* * * LOW HITPOINT WARNING * * *
The orc hits you but does no damage.
Casting: Wereblood (safe; 8% risk of failure)
Confirm with . or Enter, or press ? or * to list all spells.
Your blood is infused with primal strength.
The orc priest closely misses you.
The orc priest begins to cast a cantrip, but forgets the words!
The orc warrior hits you but does no damage.
The orc misses you.
Casting: Wereblood (safe; 8% risk of failure)
Confirm with . or Enter, or press ? or * to list all spells.
You blink.
Unknown command.
You feel stable enough to blink again.
The orc priest mumbles some strange prayers to Beogh against you.
Pain shoots through your body!
* * * LOW HITPOINT WARNING * * *
The orc priest invokes the aid of Beogh against you.
Beogh smites you!
You die...

#+# #..# .. ##.# #......
#.## #....... #..# #..
....####.## #.. ..........#
##########.#+####....#.##
#...ooo..#.#.# #....#..#
#.##..o.###@#.#.####....##.#
#.##....# #.............'...
#.##....# #..##+####....###.
#.##....####)....# #....# #.
#.##....'........# #....# #.
#.##....####.....# ###### #.
#.##....# #.....# ##
#<##....# #.....###########
####....# #.....#........##


You could see an orc warrior, an orc priest and an orc.

Vanquished Creatures
  Maggie (D:6)
  Sigmund (D:4)
  Eustachio (D:6)
  Edmund (D:6)
  Menkaure (D:4)
  A water moccasin (D:6)
  Duvessa (D:4)
  A black bear (D:7)
  A sky beast (D:7)
  A necrophage (D:6)
  The ghost of Ablot the Grasshopper, an amateur GnWr (D:3)
  A centaur (D:6)
  A bullfrog (D:7)
  2 scorpions
  2 wyvern skeletons
  Dowan (D:4)
  3 killer bees (D:7)
  A centaur zombie (D:3)
  3 bullfrog zombies
  4 hounds
  An orc priest (D:5)
  2 gnoll shamans
  2 jellies
  A bullfrog skeleton (D:5)
  A centaur skeleton (D:5)
  Natasha (thrice) (D:3)
  An iguana (D:6)
  A killer bee zombie (D:6)
  A hound skeleton (D:4)
  A howler monkey zombie (D:7)
  9 gnolls
  9 adders
  A howler monkey skeleton (D:5)
  3 white imps
  2 ufetubi
  3 worms
  2 dart slugs (D:2)
  5 orcs
  10 endoplasms
  2 giant cockroaches
  6 goblins
  4 hobgoblins
  5 kobolds
  7 quokkas
  8 ball pythons
  5 bats
  3 frilled lizards (D:2)
  8 rats
135 creatures vanquished.

Vanquished Creatures (others)
  4 foxfires (D:3)
4 creatures vanquished.

Grand Total: 139 creatures vanquished

Notes
Turn   | Place    | Note
-------+----------+-------------------------------------------
     0 | D:1      | Ablot the Gnoll Warper began the quest for the Orb.
     0 | D:1      | Reached XP level 1. HP: 20/20 MP: 6/6
   241 | D:1      | Reached XP level 2. HP: 26/26 MP: 7/7
   856 | D:1      | Found a faded altar of an unknown god.
  1126 | D:2      | Reached XP level 3. HP: 23/31 MP: 9/9
  1312 | D:2      | Found Nycvafa's Weapon Boutique.
  1323 | D:2      | Reached skill level 5 in Spellcasting
  1760 | D:2      | Identified the +11 rapier of the Ship {vorpal, Str+4 Dex+3
                  | SInv}
  1840 | D:2      | Reached skill level 1 in Invocations
  2179 | D:3      | Noticed Natasha
  2185 | D:3      | Killed Natasha
  2186 | D:3      | Reached skill level 1 in Short Blades
  2186 | D:3      | Reached skill level 1 in Long Blades
  2186 | D:3      | Reached skill level 1 in Axes
  2186 | D:3      | Reached skill level 1 in Maces & Flails
  2186 | D:3      | Reached skill level 1 in Staves
  2186 | D:3      | Reached skill level 1 in Slings
  2186 | D:3      | Reached skill level 1 in Bows
  2186 | D:3      | Reached skill level 1 in Crossbows
  2186 | D:3      | Reached skill level 1 in Stealth
  2186 | D:3      | Reached skill level 1 in Shields
  2186 | D:3      | Reached skill level 1 in Unarmed Combat
  2186 | D:3      | Reached skill level 1 in Evocations
  2186 | D:3      | Reached XP level 4. HP: 38/38 MP: 11/11
  2261 | D:3      | Reached skill level 1 in Conjurations
  2261 | D:3      | Reached skill level 1 in Hexes
  2261 | D:3      | Reached skill level 1 in Summonings
  2261 | D:3      | Reached skill level 1 in Necromancy
  2261 | D:3      | Reached skill level 1 in Transmutations
  2261 | D:3      | Reached skill level 1 in Fire Magic
  2261 | D:3      | Reached skill level 1 in Ice Magic
  2261 | D:3      | Reached skill level 1 in Air Magic
  2261 | D:3      | Reached skill level 1 in Earth Magic
  2261 | D:3      | Reached skill level 1 in Poison Magic
  2325 | D:3      | Noticed Natasha
  2328 | D:3      | Killed Natasha
  2419 | D:3      | Reached XP level 5. HP: 43/43 MP: 12/12
  2458 | D:3      | Found a runed translucent gate.
  2475 | D:3      | Noticed Natasha
  2525 | D:3      | Killed Natasha
  2678 | D:3      | Found a runed translucent gate.
  2678 | D:3      | Found a runed translucent gate.
  2893 | D:3      | Found a hide-covered altar of Uskayaw.
  2894 | D:3      | Found a glowing golden altar of the Shining One.
  3035 | D:4      | Noticed Sigmund
  3041 | D:4      | Learned a level 2 spell: Blink
  3047 | D:4      | Killed Sigmund
  3048 | D:4      | Reached skill level 5 in Fighting
  3048 | D:4      | Reached skill level 5 in Polearms
  3048 | D:4      | Reached skill level 5 in Dodging
  3048 | D:4      | Reached XP level 6. HP: 38/51 MP: 14/14
  3273 | D:4      | Noticed Duvessa
  3283 | D:4      | Killed Duvessa
  3284 | D:4      | Reached XP level 7. HP: 46/56 MP: 15/15
  3302 | D:4      | Noticed Dowan
  3309 | D:4      | Killed Dowan
  3708 | D:4      | Noticed Menkaure
  3713 | D:4      | Killed Menkaure
  4251 | D:5      | Entered Level 5 of the Dungeon
  4304 | D:5      | Found a staircase to the Ecumenical Temple.
  4321 | Temple   | Entered the Ecumenical Temple
  4511 | Temple   | Became a worshipper of Warmaster Okawaru
  4620 | D:5      | Reached XP level 8. HP: 52/63 MP: 16/16
  4739 | D:5      | Found a blossoming altar of Fedhas.
  4739 | D:5      | Found an ornate altar of the Wu Jian Council.
  5254 | D:3      | Learned a level 2 spell: Wereblood
  5255 | D:3      | Noticed Ablot's ghost (amateur GnWr)
  5265 | D:3      | Learned a level 1 spell: Foxfire
  5282 | D:3      | Killed Ablot's ghost
  5649 | D:6      | Noticed Eustachio
  5666 | D:6      | Killed Eustachio
  5709 | D:6      | Noticed Edmund
  5724 | D:6      | Killed Edmund
  5724 | D:6      | Reached * piety under Okawaru
  6079 | D:6      | Reached XP level 9. HP: 46/69 MP: 18/18
  6710 | D:6      | Noticed Maggie
  6719 | D:6      | Killed Maggie
  6719 | D:6      | Reached ** piety under Okawaru
  6799 | D:6      | Found a burning altar of Makhleb.
  6805 | D:6      | Noticed a balrug
  6808 | D:6      | Found a glowing silver altar of Zin.
  6808 | D:6      | Noticed an angel
  6828 | D:6      | Learned a level 2 spell: Ensorcelled Hibernation
  6883 | D:6      | Reached skill level 5 in Throwing
  6883 | D:6      | Reached skill level 5 in Armour
  7560 | D:7      | Reached skill level 5 in Invocations
  7741 | D:7      | Killed from afar by an orc priest

Illustrated notes

Levels and vault maps discovered:
D:1:      eino_arrival_cavern_b, layout_basic,
          shapermc_ecumenical_altar_notcrosses, roderic_lattice_a
D:2:      layout_basic, serial_shops, shop_coins
D:3:      layout_rooms, gammafunk_temple_overflow_statue,
          gammafunk_ghost_necromancy, uniq_natasha
D:4:      layout_basic, minmay_misc_feat_tower, wad_floor_pattern_untrapped,
          minmay_misc_feat_rugged, amethyst_killhole, bh_walls_and_bars,
          uniq_menkaure, uniq_sigmund, uniq_duvessa
D:5:      layout_rooms, grunt_temple_overflow_open,
          minmay_temple_entry_offerings
D:6:      layout_loops_ring, grunt_temple_overflow_order_and_chaos_2,
          eino_curves_03, kennysheep_generic_room_16, uniq_maggie, uniq_edmund,
          uniq_eustachio
D:7:      layout_basic
Temple:   eino_temple_scatter_basement

Skill      XL: |  1  2  3  4  5  6  7  8  9 |
---------------+----------------------------+-----
Spellcasting   | 5 6 |  6.8
Invocations    | 1 2 3 4 5 |  5.0
Short Blades   | 1 2 3 4 |  4.5
Long Blades    | 1 2 3 4 |  4.5
Axes           | 1 2 3 4 |  4.5
Maces & Flails | 1 2 3 4 |  4.5
Staves         | 1 2 3 4 |  4.5
Slings         | 1 2 3 4 |  4.5
Bows           | 1 2 3 4 |  4.5
Crossbows      | 1 2 3 4 |  4.5
Stealth        | 1 2 3 4 |  4.5
Shields        | 1 2 3 4 |  4.5
Unarmed Combat | 1 2 3 4 |  4.5
Evocations     | 1 2 3 4 |  4.5
Conjurations   | 1 2 3 |  3.7
Hexes          | 1 2 3 |  3.7
Summonings     | 1 2 3 |  3.7
Necromancy     | 1 2 3 |  3.7
Transmutations | 1 2 3 |  3.7
Fire Magic     | 1 2 3 |  3.7
Ice Magic      | 1 2 3 |  3.7
Air Magic      | 1 2 3 |  3.7
Earth Magic    | 1 2 3 |  3.7
Poison Magic   | 1 2 3 |  3.7
Throwing       | 3 4 5 |  5.2
Armour         | 3 4 5 |  5.2
Fighting       | 5 6 |  6.5
Polearms       | 5 6 |  6.5
Dodging        | 5 6 |  6.5
Translocations | 6 |  6.7

Action                   |  1- 3 |  4- 6 |  7- 9 || total
-------------------------+-------+-------+-------++-------
Melee: Spear             |   137 |       |       ||   137
       Bite              |    14 |     4 |    22 ||    40
       Punch             |     3 |     1 |     9 ||    13
       Rapier            |    14 |    53 |   177 ||   244
 Cast: Foxfire           |       |       |     2 ||     2
       Wereblood         |       |       |     3 ||     3
       Blink             |       |       |     1 ||     1
 Stab: Sleeping          |     3 |     2 |     4 ||     9
Armor: Leather armour    |    23 |     5 |    16 ||    44
       Swamp dragon scal |       |       |    27 ||    27
Dodge: Dodged            |    67 |    30 |   121 ||   218
